 Dungeon Crawl Stone Soup version 0.30-b1-2-g02819fbbbe (webtiles) character file.

Game seed: 3068594472638844201

2003 ketsa the Conjurer (level 9, -5/51 HPs)
             Began as an Octopode Conjurer on Nov 13, 2023.
             Was a Follower of Vehumet.
             Slain by a centaur warrior (13 damage)
             ... on level 8 of the Dungeon.
             The game lasted 00:30:56 (10099 turns).

ketsa the Conjurer (Octopode Conjurer)             Turns: 10099, Time: 00:30:57

Health: -5/51      AC:  1    Str:  7    XL:     9   Next: 22%
Magic:  12/18      EV: 13    Int: 24    God:    Vehumet [*.....]
Gold:   383        SH:  0    Dex: 10    Spells: 9/20 levels left

rFire   . . .        n - +1 short sword (venom)
rCold   . . .        (no shield)
rNeg    . . .        (helmet restricted)
rPois   .            (no amulet)
rElec   .            q - ring of wizardry
rCorr   .            (no ring)
SInv    .            (no ring)
Will    .....        (no ring)
Stlth   +++          (no ring)
HPRegen 0.28/turn    (no ring)
MPRegen 0.16/turn    (no ring)
                     (no ring)

%: wizardry (x1)
@: no status effects
A: almost no armour, amphibious, 8 rings, camouflage 1, gelatinous body 1,
(nimble swimmer 1), tentacles
a: Renounce Religion


You were on level 8 of the Dungeon.
You worshipped Vehumet.
Vehumet was aware of your devotion.
You visited 2 branches of the dungeon, and saw 9 of its levels.

You collected 383 gold pieces.

Inventory:

Hand Weapons
 i - a +0 dagger
 n - a +1 short sword of venom (weapon)
 v - a +2 dagger of freezing
 H - a +4 dagger
 I - a +2 short sword of electrocution
Missiles
 z - 3 atropa-tipped darts
 C - 9 javelins
 F - 12 poisoned darts
Magical Staves
 D - a staff of fire
Jewellery
 c - an amulet of regeneration
 q - a ring of wizardry (left tentacle)
 K - a ring of wizardry
Wands
 E - a wand of iceblast (6)
Scrolls
 d - 3 scrolls of immolation
 f - a scroll of magic mapping
 j - 2 scrolls of blinking {unknown}
 k - 2 scrolls of enchant weapon
 l - 3 scrolls of vulnerability
 o - a scroll of brand weapon {unknown}
 u - a scroll of poison
 y - a scroll of amnesia {unknown}
 A - a scroll of torment
 B - a scroll of acquirement {unknown}
 G - a scroll of butterflies {unknown}
 J - a scroll of identify
Potions
 a - a potion of magic
 b - 3 potions of curing
 e - 2 potions of lignification
 g - a potion of ambrosia {unknown}
 h - 3 potions of flight
 m - 4 potions of cancellation
 p - 2 potions of attraction {unknown}
 r - a potion of degeneration {unknown}
 s - 2 potions of brilliance
 t - 2 potions of resistance {unknown}
 w - a potion of haste {unknown}
 x - 2 potions of might {unknown}


   Skills:
 - Level 2.0 Dodging
 - Level 2.6 Stealth
 + Level 6.1 Spellcasting
 + Level 7.5 Conjurations
 * Level 5.0 Hexes
 + Level 2.8 Summonings
 - Level 1.5 Fire Magic
 + Level 4.3 Evocations


You had 9 spell levels left.
You knew the following spells:

 Your Spells              Type           Power      Damage    Failure   Level
a - Magic Dart            Conj           100%       1d8       1%          1
b - Searing Ray           Conj           86%        2d7       1%          2
c - Dazzling Flash        Conj/Hex       74%        N/A       1%          3
d - Summon Small Mammal   Summ           80%        N/A       1%          1
e - Fulminant Prism       Conj/Hex       18%        3d10      2%          4

Your spell library contained the following spells:

 Spells                   Type           Power      Damage    Failure   Level
 Shock                    Conj/Air       100%       1d9       1%          1
 Apportation              Tloc           14%        N/A       3%          1
 Necrotise                Necr           28%        1d5       3%          1
 Iskenderun's Mystic Bla  Conj/Tloc      25%        2d7       7%          4
 Vhi's Electric Charge    Tloc/Air       14%        N/A       10%         3
 Arcjolt                  Conj/Air       12%        1d22      19%         5
 Olgreb's Toxic Radiance  Pois           7%         N/A       30%         4
 Plasma Beam              Fire/Air       5%         2x1d17    96%         6
 Discord                  Hex            15%        N/A       100%        8
 Ignition                 Fire           7%         3d4       100%        8


Dungeon Overview and Level Annotations

Branches:
Dungeon (8/15) Zot: 25787  Temple (1/1) D:7 Zot: 5807
   Lair: D:8-11

Altars:
Ashenzari
Dithmenos
Elyvilon
Fedhas
Gozag
Hepliaklqana
Kikubaaqudgha
Makhleb
Nemelex Xobeh
Okawaru
Qazlal
Sif Muna
Trog
Uskayaw
Vehumet
Xom
Yredelemnul
The Shining One

Shops:
D:4 [

Annotations:
D:3 1 runed translucent door, exclusion: scorpion, KuroJack's ghost, amateur DsFE
D:5 Edmund
D:6 1 runed translucent door, exclusion: downstairs, enotiy's ghost, novice GrFi


Innate Abilities, Weirdness & Mutations

You cannot wear most types of armour.
You are amphibious.
You can wear up to eight rings at the same time.
Your skin changes colour to match your surroundings (Stealth+).
Your rubbery body absorbs attacks. (AC +1, EV +1)
((You are camouflaged when in or above water. (Stealth+)))
You have tentacles for arms and can constrict up to eight enemies at once.


Message History

Your Hexes skill increases to level 5!
You start resting.
Magic restored.
A centaur warrior comes into view.
The centaur warrior shouts!
The centaur warrior wields a +0 shortbow.
The centaur warrior shoots an arrow.
The arrow hits you.
The centaur warrior shoots an arrow.
The arrow hits you!
You see here 21 gold pieces.
The centaur warrior shoots an arrow.
The arrow hits you!!
* * * LOW HITPOINT WARNING * * *
Okay, then.
You feel better.
Casting: Searing Ray (safe; 1% risk of failure)
Confirm with . or Enter, or press ? or * to list all spells.
Casting: Dazzling Flash (safe; 1% risk of failure)
Press: ? - help, Dir - look around, f - activate The centaur warrior is dazzled.
The centaur warrior unwields a +0 shortbow.
The centaur warrior hits you. The centaur warrior closely misses you.
Casting: Dazzling Flash (safe; 1% risk of failure)
Confirm with . or Enter, or press ? or * to list all spells.
Aiming: Searing Ray (safe; 1% risk of failure)
Press: ? - help, Shift-Dir - straight line, f - centaur warrior
Aim: a centaur warrior (blind, 87% to hit)
The searing ray hits the centaur warrior.
The centaur warrior is lightly wounded. (Press . to maintain the ray.)
The centaur warrior hits you!
* * * LOW HITPOINT WARNING * * *
The centaur warrior kicks you.
* * * LOW HITPOINT WARNING * * *
The searing ray hits the centaur warrior.
The centaur warrior is moderately wounded.
The centaur warrior hits you.
* * * LOW HITPOINT WARNING * * *
The centaur warrior kicks you.
* * * LOW HITPOINT WARNING * * *
You feel better. The centaur warrior hits you!
You die...

#.#
#.#.###.#####.#
##.#
#.#.#.........#
#<.#
#.#.#########.#
#..#
#############.#
#..#
#..........#.#
#..#
#..##.#.#.#...#
#..#
#.########.#
#..# ##.#.#.#
#.# #..#
##.#@## ..#
#..# ####c# ###
#..### #.##
#....# #.$#
#.####
...c.c.## #.#
######## #.#
#.# #.#


You could see a centaur warrior (blind).

Vanquished Creatures
  2 wyverns (D:7)
  A water moccasin (D:7)
  A black bear (D:7)
  An ice beast (D:7)
  A sky beast (D:7)
  2 centaurs (D:7)
  A kobold brigand (D:7)
  A bullfrog (D:7)
  A scorpion (D:7)
  4 wights (D:6)
  2 killer bees
  6 howler monkeys
  2 hounds
  3 orc priests
  4 iguanas
  Terence (D:2)
  A sleepcap (D:5)
  4 gnolls (D:4)
  An adder (D:6)
  An ufetubus (D:6)
  A worm (D:3)
  20 orcs
  4 bats
  3 endoplasms (D:3)
  A giant cockroach (D:1)
  8 goblins
  2 hobgoblins (D:4)
  4 jackals (D:3)
  4 quokkas
  6 ball pythons
  2 frilled lizards (D:2)
  5 kobolds
  6 rats
106 creatures vanquished.

Vanquished Creatures (others)
  5 fulminant prisms (D:7)
  5 plants
10 creatures vanquished.

Grand Total: 116 creatures vanquished

Notes
Turn   | Place    | Note
-------+----------+-------------------------------------------
     0 | D:1      | ketsa the Octopode Conjurer began the quest for the Orb.
     0 | D:1      | Reached XP level 1. HP: 11/11 MP: 3/3
   443 | D:1      | Reached XP level 2. HP: 17/17 MP: 1/5
  1487 | D:2      | Noticed Terence
  2098 | D:2      | You fall into a shaft and drop 2 floors!
  2216 | D:4      | Learned a level 2 spell: Searing Ray
  2402 | D:4      | Found Guesesch's Antique Armour Shop.
  2415 | D:4      | Reached XP level 3. HP: 14/21 MP: 1/6
  2704 | D:4      | Reached XP level 4. HP: 27/27 MP: 4/8
  3406 | D:3      | Noticed a scorpion
  3562 | D:3      | Found a runed translucent door.
  3563 | D:3      | Noticed KuroJack's ghost (amateur DsFE)
  3804 | D:4      | Reached skill level 5 in Conjurations
  4305 | D:4      | Reached XP level 5. HP: 31/31 MP: 5/10
  5067 | D:5      | Entered Level 5 of the Dungeon
  5183 | D:5      | HP: 1/31 [iguana (11)]
  5186 | D:5      | Reached XP level 6. HP: 2/36 MP: 1/12
  5597 | D:5      | Noticed Edmund
  5607 | D:4      | Reached skill level 6 in Conjurations
  6132 | D:6      | Found a runed translucent door.
  6357 | D:6      | Reached XP level 7. HP: 40/41 MP: 8/14
  6358 | D:6      | Reached skill level 1 in Fire Magic
  6358 | D:6      | Reached skill level 1 in Evocations
  6423 | D:6      | Reached skill level 5 in Spellcasting
  7025 | D:6      | Noticed enotiy's ghost (novice GrFi)
  7366 | D:2      | Killed Terence
  7654 | D:6      | Learned a level 3 spell: Dazzling Flash
  7721 | D:7      | Found a staircase to the Ecumenical Temple.
  7732 | Temple   | Entered the Ecumenical Temple
  7915 | Temple   | Became a worshipper of Vehumet
  7936 | D:7      | Reached skill level 1 in Hexes
  8016 | D:7      | Noticed a wyvern
  8131 | D:7      | Reached XP level 8. HP: 36/46 MP: 7/15
  8375 | D:7      | Learned a level 1 spell: Summon Small Mammal
  8651 | D:7      | Reached skill level 7 in Conjurations
  8753 | D:7      | Noticed a wyvern
  8831 | D:7      | Reached skill level 1 in Summonings
  9135 | D:7      | Learned a level 4 spell: Fulminant Prism
  9149 | D:7      | Killed a wyvern
  9524 | D:7      | Killed a wyvern
  9525 | D:7      | Reached XP level 9. HP: 51/51 MP: 8/18
  9689 | D:8      | Reached * piety under Vehumet
  9689 | D:8      | Offered knowledge of Shock by Vehumet.
 10042 | D:8      | Reached skill level 5 in Hexes
 10091 | D:8      | Noticed a centaur warrior
 10098 | D:8      | HP: 1/51 [centaur warrior (3)]
 10099 | D:8      | Slain by a centaur warrior

Illustrated notes

Levels and vault maps discovered:
D:1:      saegor_arrival_simple_c, layout_basic, nrook_loot_triangle,
          serial_park_tiny_pond
D:2:      layout_basic, uniq_terence
D:3:      layout_rooms, gammafunk_ghost_grave
D:4:      layout_basic, chequers_serial_rivers_micro_b, serial_bayou_ford_a,
          nicolae_take_the_stairs
D:5:      layout_rooms, uniq_edmund
D:6:      layout_basic, ebering_ghost_reflecting_pool
D:7:      black_bear_nest_1, layout_rooms, minmay_temple_entry_gardened_gates,
          grunt_ministairs_14
D:8:      layout_basic, zin_scriptorium, minmay_small_thing
Temple:   mainiacjoe_temple_coin_purse

Skill      XL: |  1  2  3  4  5  6  7  8  9 |
---------------+----------------------------+-----
Spellcasting   | 3 4 5 6 |  6.1
Conjurations   | 5 6 7 |  7.5
Fire Magic     | 1 |  1.5
Evocations     | 2 4 |  4.3
Hexes          | 2 4 5 |  5.0
Summonings     | 2 |  2.8
Dodging        | |  2.0
Stealth        | |  2.6

Action                     |  1- 3 |  4- 6 |  7- 9 || total
---------------------------+-------+-------+-------++-------
  Melee: Short sword       |       |     4 |     5 ||     9
         Constrict         |       |     1 |     1 ||     2
   Cast: Magic Dart        |    57 |   112 |    42 ||   211
         Searing Ray       |       |    10 |    30 ||    40
         Fulminant Prism   |       |       |     5 ||     5
         Dazzling Flash    |       |       |     3 ||     3
         Summon Small Mamm |       |       |     2 ||     2
    Use: Scroll            |       |     9 |     8 ||    17
         Potion            |       |     1 |     3 ||     4
 Armour: Skin              |     1 |     4 |     2 ||     7
  Dodge: Dodged            |     5 |    29 |    45 ||    79
